 Dungeon Crawl Stone Soup version 0.26-a0-259-g1effd001a9 (webtiles) character file.

Game seed: 14140303364598099885

973 tilp the Frost Mage (level 7, -1/40 HPs)
             Began as a Deep Elf Ice Elementalist on July 23, 2020.
             Was an Initiate of Vehumet.
             Slain by an ice beast (12 damage)
             ... on level 5 of the Dungeon.
             The game lasted 00:11:30 (6247 turns).

tilp the Frost Mage (Deep Elf Ice Elementalist)     Turns: 6247, Time: 00:11:31

Health: -1/40      AC:  5    Str:  5    XL:     7   Next: 94%
Magic:  15/15      EV: 18    Int: 22    God:    Vehumet [......]
Gold:   39         SH:  5    Dex: 15    Spells: 3/14 levels left

rFire    . . .     SeeInvis .   D - +2 hand axe (flame)
rCold    . . .     Faith    .   F - +0 buckler
rNeg     . . .     Spirit   .   d - +0 robe
rPois    .         Reflect  .   (no helmet)
rElec    .         Harm     .   p - +0 cloak {MR+}
rCorr    .                      k - +0 pair of gloves
MR       +....                  n - +0 pair of boots
Stlth    ++++......             (no amulet)
HPRegen  0.13/turn              y - +4 ring of evasion
MPRegen  0.14/turn              z - ring of stealth

@: no status effects
A: no striking features
a: Renounce Religion


You were on level 5 of the Dungeon.
You worshipped Vehumet.
Vehumet was noncommittal.
You were not hungry.

You visited 2 branches of the dungeon, and saw 6 of its levels.

You collected 207 gold pieces.
You spent 168 gold pieces at shops.

Inventory:

Hand Weapons
 a - a +0 short sword
 D - a +2 hand axe of flaming (weapon)
Missiles
 b - 303 stones (quivered)
 g - 45 sling bullets
 w - 13 poisoned darts
Armour
 d - a +0 robe (worn)
 k - a +0 pair of gloves (worn)
 n - a +0 pair of boots (worn)
 p - a +0 cloak of magic resistance (worn)
 E - a +0 leather armour of cold resistance
 F - a +0 buckler (worn)
Jewellery
 j - a +6 ring of strength {unknown}
 y - a +4 ring of evasion (left hand)
 z - a ring of stealth (right hand)
 B - an uncursed ring of fire
 G - an uncursed amulet of magic regeneration {unknown}
Wands
 l - a wand of flame (18)
 m - a wand of paralysis (10)
 C - a wand of disintegration (14)
Scrolls
 f - a scroll of blinking {unknown}
 h - 2 scrolls of enchant armour {unknown}
 q - a scroll of identify
 r - a scroll of amnesia {unknown}
 t - 2 scrolls of fog
 u - a scroll of magic mapping {unknown}
 A - 2 scrolls of teleportation
Potions
 e - a potion of invisibility
 i - 3 potions of might
 o - a potion of degeneration {unknown}
 s - a potion of curing
 v - a potion of magic {unknown}
 x - 2 potions of haste {unknown}
Comestibles
 c - 19 rations


   Skills:
 - Level 2.0 Fighting
 - Level 4.0 Dodging
 - Level 4.0 Stealth
 + Level 2.8 Shields
 - Level 4.0 Spellcasting
 + Level 8.6 Ice Magic


You had 3 spell levels left.
You knew the following spells:

 Your Spells              Type           Power        Failure   Level
a - Freeze                Ice            ####         1%          1
b - Frozen Ramparts       Ice            #####.       1%          3
c - Ozocubu's Armour      Chrm/Ice       ###.....     7%          3
d - Summon Ice Beast      Ice/Summ       ###.....     22%         4

Your spell library contained the following spells:

 Spells                   Type           Power        Failure   Level
 Beastly Appendage        Tmut           #.....       13%         1
 Sticks to Snakes         Tmut           #.......     19%         2
 Spider Form              Tmut/Pois      #.........   36%         3
 Hailstorm                Conj/Ice       ###.....     22%         4
 Ice Form                 Ice/Tmut       ###.....     22%         4
 Blade Hands              Tmut           #.........   98%         5


Dungeon Overview and Level Annotations

Branches:
Dungeon (5/15)             Temple (1/1) D:4

Altars:
Elyvilon
Fedhas
Kikubaaqudgha
Qazlal
Ru
Sif Muna
Trog
Vehumet
Wu Jian
Xom
Yredelemnul
Zin
The Shining One

Shops:
D:4 *   D:5 [

Annotations:
D:5 1 runed translucent door, vogonpoet's ghost, novice HuIE


Message History

You hit the ice beast but do no damage.
The ice beast is moderately wounded.
The ice beast closely misses you. The ice beast hits you.
The ice beast freezes you!
* * * LOW HITPOINT WARNING * * *
Evoke which item? (* to show all) (? for menu, Esc to quit)
Aiming: Paralyse
Press: ? - help, Shift-Dir - straight line, f - ice beast
Aim: an ice beast (moderately wounded, chance to defeat MR: 46%)
The ice beast resists with some effort.
The ice beast hits you. The ice beast freezes you!
* * * LOW HITPOINT WARNING * * *
Okay, then.
Press: ? - help, v - describe, . - travel
Here: an ice beast (moderately wounded)
The floor.
You feel better. The ice beast hits you.
* * * LOW HITPOINT WARNING * * *
The ice beast freezes you!
You die...

.'...'.........#####.....#
##...#.........#####.....#
##..)##.#.....)##...>.####
........+......)......+
#######.#......#......#
#)#......#).....#
#..♣.....#......# ###
#♣)∩.♣...#.###### ..#
#.♣.....#@# ..#
#.......#Y# ..#
#.......#.# ..#
#.......#.# ..#
#..######.# ..# ##.## #.#
..# #..# #.########### ###
##.# #......... .. #####
#.#####..#########.#+##


You could see an ice beast.

Vanquished Creatures
  A centaur (D:5)
  3 ogres
  2 scorpions
  A howler monkey (D:4)
  An orc wizard (D:4)
  A bullfrog skeleton (D:5)
  2 orc priests
  Crazy Yiuf (D:2)
  Jessica (D:2)
  6 worker ants
  A hound skeleton (D:4)
  A gnoll (D:1)
  5 adders
  2 shadow imps
  An ufetubus (D:5)
  An ooze (D:1)
  A worm (D:5)
  6 dart slugs
  2 leopard geckos
  7 orcs
  A ball python (D:1)
  2 giant cockroaches
  8 goblins
  8 hobgoblins
  7 kobolds
  5 bats
  2 frilled lizards
  A leopard gecko skeleton (D:4)
  13 rats
93 creatures vanquished.

Notes
Turn   | Place    | Note
-------+----------+-------------------------------------------
     0 | D:1      | tilp the Deep Elf Ice Elementalist began the quest for the
                  | Orb.
     0 | D:1      | Reached XP level 1. HP: 10/10 MP: 6/6
   310 | D:1      | Reached XP level 2. HP: 15/15 MP: 4/8
   361 | D:1      | Reached skill level 5 in Ice Magic
   735 | D:1      | Reached XP level 3. HP: 11/19 MP: 5/9
   750 | D:1      | Learned a level 3 spell: Frozen Ramparts
   754 | D:1      | Learned a level 3 spell: Ozocubu's Armour
  1224 | D:2      | Found a faded altar of an unknown god.
  1317 | D:2      | Reached skill level 6 in Ice Magic
  1416 | D:2      | Found a runed translucent door.
  1417 | D:2      | Noticed Crazy Yiuf
  1681 | D:2      | Found a basalt altar of Yredelemnul.
  1722 | D:2      | Reached XP level 4. HP: 24/24 MP: 7/10
  1764 | D:2      | Noticed Jessica
  1772 | D:2      | Killed Jessica
  1800 | D:2      | Found a glowing golden altar of the Shining One.
  1933 | D:2      | Found a white marble altar of Elyvilon.
  2125 | D:2      | Killed Crazy Yiuf
  2125 | D:2      | Reached skill level 1 in Fighting
  2438 | D:3      | Reached XP level 5. HP: 29/29 MP: 8/11
  3315 | D:4      | Found Doevveid's General Store.
  3371 | D:4      | Reached XP level 6. HP: 33/35 MP: 9/12
  3712 | D:4      | Bought a scroll of teleportation for 42 gold pieces
  3750 | D:4      | Found a bloodstained altar of Trog.
  3753 | D:4      | Found a staircase to the Ecumenical Temple.
  3767 | Temple   | Entered the Ecumenical Temple
  4058 | Temple   | Became a worshipper of Vehumet
  4277 | D:4      | Reached skill level 7 in Ice Magic
  4923 | D:4      | Reached XP level 7. HP: 31/40 MP: 6/15
  4943 | D:4      | Learned a level 4 spell: Summon Ice Beast
  5144 | D:5      | Entered Level 5 of the Dungeon
  5144 | D:5      | Found a runed translucent door.
  5155 | D:5      | Noticed vogonpoet's ghost (novice HuIE)
  5212 | D:5      | Found Dicuamiv's Antique Armour Shop.
  5218 | D:5      | Reached skill level 1 in Shields
  5253 | D:5      | Bought a pair of boots for 126 gold pieces
  5281 | D:5      | Reached skill level 8 in Ice Magic
  6247 | D:5      | Slain by an ice beast

Illustrated notes

Levels and vault maps discovered:
D:1:      psy_arrival_dodecagon, layout_basic
D:2:      layout_basic, kennysheep_ying_yang, old_standard_altar,
          chequers_ecumenical_altar_island, bh_chokoban,
          uniq_crazy_yiuf_cottage, uniq_jessica
D:3:      layout_loops_ring, first_ration, hex_tiny
D:4:      layout_loops_ring, lemuel_crystal_altar,
          minmay_temple_entry_statues_fountains, serial_shops, shop
D:5:      layout_basic, ebering_ghost_reflecting_pool, serial_shops,
          nicolae_shop_trees
Temple:   compressed_dpeg_triangle_lava_temple

Skill      XL: |  1  2  3  4  5  6  7 |
---------------+----------------------+-----
Ice Magic      | 5 6 7 8 |  8.6
Stealth        | 3 4 |  4.0
Fighting       | 1 2 |  2.0
Dodging        | 3 4 |  4.0
Spellcasting   | 4 |  4.0
Shields        | 2 |  2.8

Action                   |  1- 3 |  4- 6 |  7- 9 || total
-------------------------+-------+-------+-------++-------
Melee: Whip              |     4 |       |       ||     4
       Short sword       |     8 |    22 |    15 ||    45
       Hand axe          |       |       |     8 ||     8
 Cast: Freeze            |    51 |    73 |    34 ||   158
       Frozen Ramparts   |       |     7 |     6 ||    13
Evoke: Wand              |       |       |     2 ||     2
  Use: Scroll            |       |     4 |     2 ||     6
       Potion            |       |       |     1 ||     1
 Stab: Sleeping          |     5 |     2 |     2 ||     9
  Eat: Ration            |     1 |     3 |     1 ||     5
Armor: Robe              |     8 |     9 |     8 ||    25
Dodge: Dodged            |    34 |    52 |    33 ||   119
Block: Buckler           |       |       |     5 ||     5

Table legend:
 A = Non-vault XP
 B = Vault XP
 C = Vault XP percentage of total XP
 D = Non-vault monster count
 E = Vault monster count
 F = Vault count percentage of total count
                 A         B        C        D         E       F
            +---------+---------+-------+---------+---------+-------
      Total |    1314 |      76 |   5.5 |      91 |       2 |   2.2
            +---------+---------+-------+---------+---------+-------
        D:1 |      66 |       0 |   0.0 |      31 |       0 |   0.0
        D:2 |      38 |      76 |  66.7 |       9 |       2 |  18.2
        D:3 |      62 |       0 |   0.0 |      18 |       0 |   0.0
        D:4 |     530 |       0 |   0.0 |      19 |       0 |   0.0
        D:5 |     618 |       0 |   0.0 |      14 |       0 |   0.0
            +---------+---------+-------+---------+---------+-------
